 Dungeon Crawl Stone Soup version 0.30-a0-1103-g25895a7845 (webtiles) character file.

Game seed: 8175062846249274622

26 Pimp the Grave Robber (level 2, -3/19 HPs)
             Began as a Demonspawn Necromancer on Apr 18, 2023.
             Killed from afar by Terence (10 damage)
             ... with a puff of flame
             ... on level 2 of the Dungeon.
             The game lasted 00:02:35 (1043 turns).

Pimp the Grave Robber (Demonspawn Necromancer)      Turns: 1043, Time: 00:02:35

Health: -3/19      AC:  2    Str:  8    XL:     2   Next: 89%
Magic:  3/5        EV: 12    Int: 16    God:
Gold:   84         SH:  0    Dex: 13    Spells: 4/5 levels left

rFire   . . .      SeeInvis .    (no weapon)
rCold   . . .      Faith    .    (no shield)
rNeg    . . .      Spirit   .    a - +0 robe
rPois   .          Reflect  .    (no helmet)
rElec   .          Rampage  .    (no cloak)
rCorr   .                        (no gloves)
Will    .....                    (no boots)
Stlth   ++                       (no amulet)
HPRegen 0.23/turn                (no ring)
MPRegen 0.09/turn                (no ring)

@: attractive, very slightly contaminated
A: weakness stinger 1
a: no special abilities


You were on level 2 of the Dungeon.
You visited 1 branch of the dungeon, and saw 2 of its levels.

You collected 84 gold pieces.

Inventory:

Armour
 a - a +0 robe (worn)
Scrolls
 f - a scroll of enchant weapon {unknown}
Potions
 b - a potion of magic
 c - a potion of cancellation


   Skills:
 + Level 2.2 Dodging
 + Level 2.2 Stealth
 + Level 2.3 Spellcasting
 + Level 4.6 Necromancy


You had 4 spell levels left.
You knew the following spells:

 Your Spells              Type           Power      Damage    Failure   Level
a - Necrotise             Necr           64%        1d7       3%          1

Your spell library contained the following spells:

 Spells                   Type           Power      Damage    Failure   Level
 Vampiric Draining        Necr           16%        2d7       9%          3
 Animate Dead             Necr           16%        N/A       28%         4
 Gell's Gravitas          Tloc           1%         N/A       52%         3
 Teleport Other           Tloc           1%         N/A       52%         3
 Agony                    Necr           16%        N/A       63%         5
 Dispersal                Tloc           0%         N/A       100%        6


Dungeon Overview and Level Annotations

Branches:
Dungeon (2/15)

Altars:

Annotations:
D:2 Terence


Innate Abilities, Weirdness & Mutations

You have a small tail.


Message History

The kobold is attracted toward you.
Casting: Necrotise (safe; 3% risk of failure)
Confirm with . or Enter, or press ? or * to list all spells.
You don't have enough magic to cast this spell.
Unknown command.
Casting: Necrotise (safe; 3% risk of failure)
Confirm with . or Enter, or press ? or * to list all spells.
You don't have enough magic to cast this spell.
Unknown command.
Casting: Necrotise (safe; 3% risk of failure)
Confirm with . or Enter, or press ? or * to list all spells.
You don't have enough magic to cast this spell.
Unknown command.
Magic courses through your body. The kobold hits you with a +0 dagger.
Terence zaps a wand.
The puff of flame misses you.
Casting: Necrotise (safe; 3% risk of failure)
Confirm with . or Enter, or press ? or * to list all spells.
Aiming: Necrotise (safe; 3% risk of failure)
Press: ? - help, Shift-Dir - straight line, f/p - Terence
Aim: Terence, wielding a +0 short sword, wearing a +0 scale mail and carrying a wand of flame (11) (moderately wounded, chance to affect: 80%) Terence writhes in agony!
The kobold hits you with a +0 dagger. Terence closely misses you.
Your magical contamination has completely faded away.
Unknown command.
Casting: Necrotise (safe; 3% risk of failure)
Confirm with . or Enter, or press ? or * to list all spells.
Aiming: Necrotise (safe; 3% risk of failure)
Press: ? - help, Shift-Dir - straight line, f/p - Terence
Aim: Terence, wielding a +0 short sword, wearing a +0 scale mail and carrying a wand of flame (11) (heavily wounded, chance to affect: 80%)
You miscast Necrotise.
You are very lightly contaminated with residual magic.
Nothing appears to happen.
Terence hits you with a +0 short sword.
* * * LOW HITPOINT WARNING * * *
A frilled lizard comes into view.
The kobold closely misses you.
The frilled lizard is attracted toward you.
You feel better. The kobold hits you with a +0 dagger.
Terence zaps a wand.
The puff of flame hits you!
Ouch! That really hurt!
You die...

###### #..... #..).#
#...<. #....#### #.....
#.......######## #.....
#....#.........######.....
#....####.###.............
###### #...#.....###.....
####.#.....#.......
#@@..#.......#.....
#..<.K...(....###.....
###..l..[.....##....#.
##...##.............
##.###.#.........## #..
#.........#### ยง#.
###.####..# # . . #.#
#...# # #.. ..#.#


You could see Terence, a kobold and a frilled lizard.

Vanquished Creatures
  A dart slug (D:2)
  3 bats (D:1)
  2 endoplasms
  A giant cockroach (D:1)
  4 goblins
  4 hobgoblins
  A ball python (D:1)
  2 frilled lizards (D:1)
  A kobold (D:1)
  3 rats (D:1)
22 creatures vanquished.

Vanquished Creatures (collateral kills)
  A rat (D:1)
1 creature vanquished.

Vanquished Creatures (others)
  A fungus (D:2)
  A toadstool (D:2)
2 creatures vanquished.

Grand Total: 25 creatures vanquished

Notes
Turn   | Place    | Note
-------+----------+-------------------------------------------
     0 | D:1      | Pimp the Demonspawn Necromancer began the quest for the
                  | Orb.
     0 | D:1      | Reached XP level 1. HP: 13/13 MP: 3/3
   417 | D:1      | Discovered your monstrous ancestry.
   417 | D:1      | Gained mutation: You have a small tail. [demonic ancestry]
   417 | D:1      | Reached XP level 2. HP: 18/19 MP: 3/5
  1027 | D:2      | Noticed Terence
  1043 | D:2      | Killed from afar by Terence

Illustrated notes

Levels and vault maps discovered:
D:1:      giann_bridges, layout_loops_ring, minmay_misc_feat_pillars
D:2:      layout_rooms, minmay_gold_behind_fungi, nrook_loot_triangle,
          dk_noncrumbling_4, st_stairs_1, uniq_terence, uniq_crazy_yiuf_cottage

Skill      XL: |  1 |
---------------+----+-----
Dodging        | 2 |  2.2
Stealth        | 2 |  2.2
Spellcasting   | |  2.3
Necromancy     | |  4.6

Action                     || total
---------------------------++-------
  Melee: Unarmed           ||    81
         Punch             ||     1
         Tailslap          ||     7
   Cast: Necrotise         ||    26
    Use: Potion            ||     8
         Scroll            ||     3
   Stab: Sleeping          ||     5
 Armour: Robe              ||    23
  Dodge: Dodged            ||    78

Table legend: (Time is in decaauts)
 A = Elapsed time spent in this place.
 B = Non-inter-level travel time spent in this place.
 C = Inter-level travel time spent in this place.
 D = Time resting spent in this place.
 E = Time spent auto-exploring this place.
 F = Levels seen in this place.
 G = Mean time per level.
                   A        B        C        D        E       F      G
               +--------+--------+--------+--------+--------+-----+--------+
         Total |   1042 |   1042 |      0 |    169 |    602 |   2 |  521.0 |
       Dungeon |   1042 |   1042 |      0 |    169 |    602 |   2 |  521.0 |
               +--------+--------+--------+--------+--------+-----+--------+

Top non-repeatable levels by time:
     D:1: 891 daAuts
     D:2: 151 daAuts
